 Dungeon Crawl Stone Soup version 0.30-a0-46-g5a63ccc183 (webtiles) character file.

Game seed: 1600835302417359947

31359 LnG the Severer (level 13, 0/117 HPs)
             Began as a Hill Orc Fighter on Sept 1, 2022.
             Was a Priest of Makhleb.
             Slain by a dream sheep (10 damage)
             ... on level 5 of the Lair of Beasts.
             The game lasted 02:12:58 (25431 turns).

LnG the Severer (Hill Orc Fighter)                 Turns: 25431, Time: 02:12:59

Health: 0/117      AC: 13    Str: 24    XL:     13   Next: 57%
Magic:  0/22       EV:  2    Int:  8    God:    Makhleb [***...]
Gold:   1039       SH:  0    Dex: 10    Spells: 12/12 levels left

rFire   . . .      SeeInvis .    a - +4 war axe
rCold   . . .      Faith    .    c - +0 buckler
rNeg    . . .      Spirit   +    b - +0 scale mail
rPois   .          Reflect  .    (no helmet)
rElec   .          Harm     .    l - +0 cloak
rCorr   .          Rampage  .    (no gloves)
Will    .....                    o - +1 pair of boots
Stlth   +.........               h - amulet of guardian spirit
HPRegen 0.29/turn                s - ring of magical power
MPRegen 0.18/turn                j - ring of flight

@: sleeping, flying
A: no striking features
a: Renounce Religion, Minor Destruction, Lesser Servant of Makhleb


You were on level 5 of the Lair of Beasts.
You worshipped Makhleb.
Makhleb was most pleased with you.
You visited 4 branches of the dungeon, and saw 16 of its levels.

You collected 1039 gold pieces.

Inventory:

Hand Weapons
 a - a +4 war axe (weapon)
 N - a +0 dagger of electrocution
 X - a +0 spear
Missiles
 p - 2 boomerangs (quivered)
 O - a throwing net
Armour
 b - a +0 scale mail (worn)
 c - a +0 buckler (worn)
 l - a +0 cloak (worn)
 o - a +1 pair of boots (worn)
Jewellery
 h - an amulet of guardian spirit (around neck)
 j - a ring of flight (right hand)
 k - a ring of wizardry
 n - a +4 ring of protection
 r - an amulet of guardian spirit
 s - a ring of magical power (left hand)
 t - a ring of protection from fire
 v - a ring of protection from fire
 F - a ring of wizardry
 J - a ring of wizardry
 P - a +6 ring of strength
Wands
 i - a wand of charming (2)
 E - a wand of polymorph (31)
 H - a wand of flame (30)
 T - a wand of quicksilver (18)
Scrolls
 f - 4 scrolls of vulnerability
 g - a scroll of torment
 u - 4 scrolls of immolation
 y - 3 scrolls of silence
 A - a scroll of fear {unknown}
 B - 3 scrolls of identify
 C - 2 scrolls of amnesia {unknown}
 L - a scroll of teleportation
 M - a scroll of butterflies {unknown}
 Q - 2 scrolls of brand weapon {unknown}
 R - 2 scrolls of poison {unknown}
 W - a scroll of enchant armour {unknown}
Potions
 d - a potion of invisibility
 e - a potion of mutation
 m - 3 potions of haste
 q - 4 potions of brilliance
 w - 2 potions of lignification {unknown}
 x - a potion of resistance {unknown}
 z - 3 potions of flight
 D - 7 potions of curing
 G - a potion of might
 I - a potion of cancellation {unknown}
 K - 3 potions of attraction {unknown}
 S - a potion of ambrosia {unknown}
 U - a potion of degeneration {unknown}


   Skills:
 + Level 11.9 Fighting
 + Level 0.3 Short Blades
 + Level 15.7 Axes
 + Level 6.3 Throwing
 + Level 12.9 Armour
 + Level 5.6 Dodging
 + Level 3.1 Stealth
 + Level 8.3 Shields
 + Level 1.3 Evocations


You had 12 spell levels left.
You didn't know any spells.
Your spell library contained the following spells:

 Spells                   Type           Power      Damage    Failure   Level
 Apportation              Tloc           0%         N/A       71%         1
 Foxfire                  Conj/Fire      0%         2x1d4     71%         1
 Magic Dart               Conj           0%         1d3       71%         1
 Scorch                   Fire           0%         2d5       85%         2
 Searing Ray              Conj           0%         2d4       85%         2
 Conjure Flame            Conj/Fire      0%         6-21      97%         3
 Ignite Poison            Fire/Tmut/Pois 0%         N/A       97%         3
 Inner Flame              Hex/Fire       0%         N/A       97%         3
 Mephitic Cloud           Conj/Pois/Air  0%         N/A       97%         3
 Flame Wave               Conj/Fire      0%         2d4       100%        4
 Fulminant Prism          Conj/Hex       0%         3d6       100%        4
 Alistair's Intoxication  Tmut/Pois      0%         N/A       100%        5
 Freezing Cloud           Conj/Ice/Air   0%         6-21      100%        5
 Summon Cactus Giant      Summ           0%         N/A       100%        6


Dungeon Overview and Level Annotations

Branches:
Dungeon (9/15)             Temple (1/1) D:6            Lair (5/5) D:9
 Shoals (0/4) Lair:3        Snake (1/4) Lair:2
  Slime: Lair:4-5       Orc: D:9-12

Altars:
Ashenzari
Cheibriados
Dithmenos
Elyvilon
Fedhas
Gozag
Hepliaklqana
Kikubaaqudgha
Makhleb
Nemelex Xobeh
Okawaru
Qazlal
Ru
Sif Muna
Trog
Uskayaw
Vehumet
Wu Jian
Xom
Yredelemnul
Zin
The Shining One

Shops:
D:4 [

Annotations:
Lair:1 1 runed translucent door, Kaboulah's ghost, novice DEVM


Message History

* * * LOW HITPOINT WARNING * * *
The water moccasin bites you.
* * * LOW HITPOINT WARNING * * *
The torpor snail bites you but does no damage.
You have turned to stone.
You are engulfed in calcifying dust.
A nearby plant withers and dies.
The water moccasin bites you but does no damage.
The catoblepas gores you!
* * * LOW HITPOINT WARNING * * *
The yak is engulfed in calcifying dust.
The yak stops moving altogether!
You are engulfed in calcifying dust.
Your surroundings suddenly seem different.
You feel yourself speed up.
Being near the torpor snail leaves you feeling lethargic.
The water moccasin barely misses you.
You feel yourself speed up.
The water moccasin bites you but does no damage. x2
You turn to flesh and can move again.
As you read the scroll of teleportation, it crumbles to dust.
You feel strangely unstable.
Being near the torpor snail leaves you feeling lethargic.
You block the water moccasin's attack. The water moccasin closely misses you.
You feel yourself speed up. The water moccasin closely misses you.
The water moccasin bites you but does no damage.
Being near the torpor snail leaves you feeling lethargic.
The water moccasin attacks as you move away!
The water moccasin misses you. The elephant attacks as you move away!
The elephant tramples you.
* * * LOW HITPOINT WARNING * * *
The elephant barely misses you.
Your surroundings suddenly seem different.
A dream sheep comes into view.
The dream sheep bleats! x3; You hear a bleat!
The dream sheep shake their wool and sparkle.
You feel drowsy...
You fall asleep.
You feel yourself speed up.
A dream sheep comes into view.
The dream sheep bites you!
You die...

###.....# #...#... #.....
.P## #...##.. # .#...
...#### ##
...P..........## .. ....
.........P # ..(.....## #
...##...# #### ##..##...#
# # ...### ##.
#@.###...#.#... .....#
#P..####YY...........
....#
#......<..........#.
...## #...#.....#....##.#
.#.## #..#.##Y..#.....#
....####
##.####P....P..###
...###.###..##...Y.....##
#...#....#..........♣♣♣♣
....................♣


You could see 4 dream sheep.

Vanquished Creatures
  A fire dragon (Lair:4)
  An anaconda (Snake:1)
  3 death yaks
  A lindwurm (Lair:4)
  12 elephants
  A guardian serpent (Lair:2)
  A naga mage (Snake:1)
  3 black mambas
  A gargoyle (D:6)
  9 cane toads
  2 rime drakes (Lair:1)
  7 komodo dragons
  A polar bear (Lair:1)
  3 hornets
  Prince Ribbit (D:8)
  13 blink frogs
  A dream sheep (Lair:4)
  8 spriggans (Lair:1)
  7 wyverns
  5 basilisks
  16 yaks
  A steam dragon (D:7)
  A human (D:9)
  4 hogs (D:9)
  Menkaure (D:5)
  13 water moccasins
  3 black bears
  4 ice beasts
  5 ogres
  2 orc warriors (D:8)
  A sky beast (D:7)
  11 wolves
  6 centaurs
  A phantom (D:5)
  3 kobold brigands
  14 bullfrogs
  Blork the orc (D:4)
  A gnoll sergeant (D:9)
  A necrophage (D:8)
  2 scorpions
  11 wights
  6 killer bees (D:9)
  An electric eel (Lair:4)
  2 howler monkeys
  A gnoll bouda (D:4)
  2 orc priests (D:8)
  3 hounds (D:5)
  3 jellies
  Jessica (D:3)
  6 iguanas
  5 hell rats
  4 orc wizards
  10 gnolls
  9 adders
  A white imp (D:5)
  4 ufetubi
  A worm (D:5)
  5 dart slugs
  6 orcs
  9 ball pythons
  3 bats
  4 endoplasms
  4 giant cockroaches
  6 goblins
  6 hobgoblins
  6 jackals
  2 quokkas
  4 frilled lizards
  24 kobolds
  6 rats
327 creatures vanquished.

Vanquished Creatures (others)
  2 gnolls (D:4)
  36 fungi
  52 plants
90 creatures vanquished.

Grand Total: 417 creatures vanquished

Notes
Turn   | Place    | Note
-------+----------+-------------------------------------------
     0 | D:1      | LnG the Hill Orc Fighter began the quest for the Orb.
     0 | D:1      | Reached XP level 1. HP: 19/19 MP: 1/1
   316 | D:1      | Reached XP level 2. HP: 27/27 MP: 2/2
   432 | D:1      | Reached skill level 3 in Axes
   714 | D:1      | Reached XP level 3. HP: 25/33 MP: 3/3
  1133 | D:2      | Found a faded altar of an unknown god.
  1715 | D:2      | Found a white marble altar of Elyvilon.
  2207 | D:3      | Reached skill level 4 in Axes
  2207 | D:3      | Reached XP level 4. HP: 25/40 MP: 4/4
  2954 | D:3      | Noticed Jessica
  2965 | D:3      | Killed Jessica
  2966 | D:3      | Reached XP level 5. HP: 42/47 MP: 5/5
  3427 | D:4      | Noticed an ogre
  3433 | D:4      | Killed an ogre
  3434 | D:4      | Reached skill level 5 in Axes
  3434 | D:4      | Reached skill level 1 in Dodging
  3434 | D:4      | Reached XP level 6. HP: 28/53 MP: 6/6
  3941 | D:4      | Found Dekaiq's Armour Emporium.
  4088 | D:4      | Reached skill level 1 in Throwing
  4303 | D:4      | Noticed Blork the orc
  4315 | D:4      | Killed Blork the orc
  4316 | D:4      | Reached skill level 5 in Fighting
  4316 | D:4      | Reached skill level 6 in Axes
  4316 | D:4      | Reached XP level 7. HP: 28/61 MP: 7/7
  4874 | D:4      | Reached skill level 5 in Armour
  5371 | D:5      | Entered Level 5 of the Dungeon
  5391 | D:5      | Noticed Menkaure
  5400 | D:5      | Killed Menkaure
  5766 | D:5      | Found a hide-covered altar of Uskayaw.
  5766 | D:5      | Found a shimmering altar of Xom.
  5770 | D:5      | Reached skill level 7 in Axes
  5770 | D:5      | Reached XP level 8. HP: 52/69 MP: 8/8
  6201 | D:5      | Reached skill level 8 in Axes
  7149 | D:6      | Noticed a gargoyle
  7160 | D:6      | Killed a gargoyle
  7161 | D:6      | Reached skill level 9 in Axes
  7161 | D:6      | Reached skill level 5 in Shields
  7161 | D:6      | Reached XP level 9. HP: 65/78 MP: 9/9
  7346 | D:6      | Reached skill level 1 in Stealth
  7350 | D:6      | Reached skill level 10 in Axes
  7769 | D:6      | Found a shimmering blue altar of Sif Muna.
  7788 | D:6      | Found a staircase to the Ecumenical Temple.
  7795 | Temple   | Entered the Ecumenical Temple
  7824 | Temple   | Became a worshipper of Makhleb the Destroyer
  7906 | D:6      | Found a glowing silver altar of Zin.
  9288 | D:7      | Noticed a hornet
  9303 | D:7      | Killed a hornet
  9738 | D:7      | Identified the +9 hand axe of the Hurling Dove {vorpal,
                  | Fragile Str+5 Dex+4 Stlth+}
  9975 | D:7      | Reached skill level 11 in Axes
 10427 | D:8      | Reached XP level 10. HP: 86/86 MP: 10/10
 10777 | D:8      | Noticed Prince Ribbit
 10784 | D:8      | Killed Prince Ribbit
 11850 | D:9      | Noticed a death yak
 11877 | D:9      | Killed a death yak
 11988 | D:9      | Found a staircase to the Lair.
 11988 | D:9      | Noticed a death yak
 11989 | D:9      | Noticed a death yak
 12016 | D:8      | Killed a death yak
 12017 | D:8      | Reached skill level 12 in Axes
 12191 | D:8      | Killed a death yak
 12467 | D:9      | Reached skill level 10 in Armour
 12467 | D:9      | Reached XP level 11. HP: 79/94 MP: 11/11
 12634 | D:9      | Found an iron altar of Okawaru.
 12707 | D:9      | Paralysed by a hornet for 3 turns
 14041 | D:9      | Reached * piety under Makhleb
 14251 | Lair:1   | Entered Level 1 of the Lair of Beasts
 14323 | Lair:1   | Reached skill level 13 in Axes
 15180 | Lair:1   | Found a runed translucent door.
 15183 | Lair:1   | Found a shimmering altar of Xom.
 15183 | Lair:1   | Noticed Kaboulah's ghost (novice DEVM)
 15185 | Lair:1   | Noticed a +1 quarterstaff of chaos
 15431 | Lair:1   | Reached XP level 12. HP: 76/105 MP: 12/12
 15643 | Lair:1   | Reached skill level 14 in Axes
 15896 | Lair:1   | Reached ** piety under Makhleb
 16013 | Lair:1   | Reached skill level 5 in Throwing
 17908 | Lair:2   | Found a staircase to the Snake Pit.
 17921 | Lair:2   | Reached skill level 10 in Fighting
 18722 | Lair:2   | You are sucked into a shaft and drop 2 floors!
 18730 | Lair:3   | Found a staircase to the Shoals.
 19324 | Snake:1  | Entered Level 1 of the Snake Pit
 19341 | Snake:1  | Noticed an anaconda
 19367 | Snake:1  | Killed an anaconda
 19710 | Lair:3   | Noticed a six-headed hydra
 20006 | Lair:3   | Reached skill level 5 in Dodging
 20675 | Lair:2   | Reached XP level 13. HP: 69/115 MP: 13/13
 20856 | Lair:3   | Reached skill level 1 in Evocations
 22266 | Lair:3   | Reached *** piety under Makhleb
 22586 | Lair:3   | Identified the +8 sling of Trauma {vorpal, rPois Str+3}
 22649 | Lair:4   | Reached skill level 15 in Axes
 22873 | Lair:4   | Noticed a fire dragon
 22873 | Lair:4   | a seven-headed hydra changed into a fire dragon
 22885 | Lair:4   | Killed a fire dragon
 24224 | Lair:5   | Entered Level 5 of the Lair of Beasts
 25431 | Lair:5   | Slain by a dream sheep

Illustrated notes

Levels and vault maps discovered:
D:1:      amcnicky_arrival_double_pillar, layout_basic
D:2:      layout_loops_cross, ebering_ecumenical_altar_ruins, basic_altar,
          reono_crystal_passage
D:3:      layout_basic, kennysheep_generic_room_5, uniq_jessica
D:4:      layout_loops_cross, serial_shops, nicolae_shop_crystal,
          kennysheep_pointless_box, uniq_blork_the_orc
D:5:      minmay_chambers_of_threes, layout_basic, grunt_temple_overflow_open,
          uniq_menkaure
D:6:      layout_loops_corners, mainiacjoe_overflow_cross_hatched,
          lemuel_tele_altar, temple_statues, abandoned_shop, st_stairs_12
D:7:      layout_gridville
D:8:      layout_basic, uniq_prince_ribbit1
D:9:      layout_basic, okawaru_gym_becter, dpeg_lair_monsters, grunt_livestock
Temple:   sentei_temple_godly_chess
Lair:1:   kb_forest_paths, layout_regular_city, ebering_ghost_xom
Lair:2:   layout_chaotic_city, minmay_snake_entry_spellcaster, st_stairs_8,
          minivault_27
Lair:3:   layout_concentric_octagons, minmay_shoals_entry_centaurs
Lair:4:   layout_gridlike, grunt_forest_small_clearings,
          infiniplex_staircase_pool_2, serial_bayou_shore_b
Lair:5:   hellmonk_lair_end_abyssal_woods, layout_loops_ring,
          minmay_slime_entry_oklob_enclosed
Snake:1:  layout_basic, portal_ice_cave_entry_pillars_four, lemuel_fruit_tree,
          grunt_megastairs_1, uniq_jorgrun

Skill      XL: |  1  2  3  4  5  6  7  8  9 10 11 12 13 |
---------------+----------------------------------------+-----
Axes           | 3 4 5 6 7 9 11 12 13 14 15 | 15.7
Fighting       | 4 5 6 7 8 9 10 11 | 11.9
Armour         | 4 5 6 8 10 11 12 | 12.9
Shields        | 4 5 6 7 8 |  8.3
Dodging        | 1 2 3 4 5 |  5.6
Throwing       | 1 3 4 6 |  6.3
Stealth        | 1 2 3 |  3.1
Evocations     | 1 |  1.3
Short Blades   | |  0.3

Action                   |  1- 3 |  4- 6 |  7- 9 | 10-12 | 13-15 || total
-------------------------+-------+-------+-------+-------+-------++-------
Melee: War axe           |   120 |   142 |   264 |       |   233 ||   759
       Hand axe          |       |       |     6 |   570 |    22 ||   598
       Dagger            |       |       |       |       |     2 ||     2
Throw: Boomerang         |    15 |    16 |     7 |   119 |     4 ||   161
Evoke: Wand              |       |       |     7 |     1 |     2 ||    10
  Use: Scroll            |     4 |     1 |     7 |     3 |     5 ||    20
       Potion            |       |       |     5 |     3 |     2 ||    10
 Stab: Sleeping          |       |       |     1 |       |       ||     1
       Petrified         |       |       |       |       |     1 ||     1
Armor: Scale mail        |    59 |    70 |   142 |   171 |   107 ||   549
Dodge: Dodged            |    63 |    67 |   146 |   227 |   124 ||   627
Block: Buckler           |    30 |    29 |    68 |   134 |    55 ||   316

Table legend: (Time is in decaauts)
 A = Elapsed time spent in this place.
 B = Non-inter-level travel time spent in this place.
 C = Inter-level travel time spent in this place.
 D = Time resting spent in this place.
 E = Time spent auto-exploring this place.
 F = Levels seen in this place.
 G = Mean time per level.
                   A        B        C        D        E       F      G
               +--------+--------+--------+--------+--------+-----+--------+
         Total |  25348 |  24874 |    474 |   9745 |   3400 |  16 | 1584.2 |
       Dungeon |  14645 |  14463 |    182 |   5113 |   2906 |   9 | 1627.2 |
        Temple |     41 |     35 |      6 |      0 |      0 |   1 |   41.0 |
          Lair |  10334 |  10048 |    286 |   4406 |    494 |   5 | 2066.8 |
     Snake Pit |    327 |    327 |      0 |    226 |      0 |   1 |  327.0 |
               +--------+--------+--------+--------+--------+-----+--------+

Top non-repeatable levels by time:
  Lair:1: 3057 daAuts
  Lair:2: 2547 daAuts
     D:9: 2298 daAuts
  Lair:4: 2252 daAuts
  Lair:3: 1934 daAuts
     D:4: 1903 daAuts
     D:8: 1894 daAuts
     D:7: 1748 daAuts
     D:6: 1713 daAuts
     D:3: 1577 daAuts
     D:5: 1344 daAuts
     D:1: 1164 daAuts
     D:2: 1001 daAuts
  Lair:5: 542 daAuts
 Snake:1: 327 daAuts
